 Dungeon Sprint DCSS version 0.30-a0-469-g84de5afbc5 (webtiles) character file.

Game seed: 11834253126971488915

107 rocky1 the Slasher (level 4, -13/38 HPs)
             Began as a Merfolk Gladiator on Dec 20, 2022.
             Mangled by a water elemental (17 damage)
             ... in the Dungeon (Sprint III: "The Ten Rune Challenge").
             The game lasted 00:01:26 (279 turns).

rocky1 the Slasher (Merfolk Gladiator)               Turns: 279, Time: 00:01:26

Health: -13/38     AC:  4    Str: 14    XL:     4   Next: 86%
Magic:  4/4        EV: 15    Int:  7    God:
Gold:   24         SH:  0    Dex: 17    Spells: 3/3 levels left

rFire   . . .      SeeInvis .    a - +0 long sword
rCold   . . .      Faith    .    (no shield)
rNeg    . . .      Spirit   .    b - +0 leather armour
rPois   .          Reflect  .    c - +0 helmet
rElec   .          Harm     .    (no cloak)
rCorr   .          Rampage  .    (no gloves)
Will    .....      NoTele   +    (no boots)
Stlth   +++.......               (no amulet)
HPRegen 0.26/turn                (no ring)
MPRegen 0.09/turn                (no ring)

@: engulfed
A: (nimble swimmer 2), mertail
a: no special abilities


You were in the Dungeon.
You visited 1 branch You collected 24 gold pieces.

Inventory:

Hand Weapons
 a - a +0 long sword (weapon)
Missiles
 d - a throwing net (quivered)
 e - a javelin
Armour
 b - a +0 leather armour (worn)
 c - a +0 helmet (worn)
Scrolls
 k - 3 scrolls of blinking
 m - a scroll of poison {unknown}
 n - a scroll of identify {unknown}
 p - a scroll of torment {unknown}
Potions
 f - a potion of curing
 g - 2 potions of heal wounds
 h - a potion of haste
 i - 2 potions of magic
 j - 2 potions of berserk rage
 l - 5 potions of mutation {unknown}
 o - a potion of flight {unknown}


   Skills:
 + Level 4.9 Fighting
 * Level 7.8 Long Blades
 - Level 2.0 Throwing
 + Level 6.6 Dodging
 + Level 4.6 Stealth


You had 3 spell levels left.
You didn't know any spells.
Your spell library was empty.

Dungeon Overview and Level Annotations

Branches:
Dungeon (1/1)

Altars:


Innate Abilities, Weirdness & Mutations

((You are very nimble when in or above water. (Stealth+, EV+, Speed+++)))
Your lower body shifts to a powerful aquatic tail in water.


Message History

The human splashes around in the water.
You hit the human.
You kill the human!
d - a throwing net You open the door.
Found 8 gold pieces and an orange potion.
Found 16 gold pieces and 2 orange potions.
There is an open door here.
You now have 8 gold pieces.
l - an orange potion;
m - a scroll labelled KATZOWKASHRU
n - a scroll labelled TEGARY JENLYEL;
l - 2 orange potions (gained 1)
o - a black potion
l - 4 orange potions (gained 2);
p - a scroll labelled DUIFOR DOJIA
k - 3 scrolls of blinking (gained 1);
l - 5 orange potions (gained 1)
g - 2 potions of heal wounds (gained 1)
You now have 24 gold pieces (gained 16).
There is an open door here.
You start resting.
HP restored.
You see here a scorpion corpse.
Your legs become a tail as you enter the water.
You open the door.
A water elemental comes into view.
There is an open door to the Ecumenical Temple here.
The water elemental completely misses you.
You hit the water elemental.
The water elemental is lightly damaged.
The water elemental completely misses you.
You hit the water elemental.
The water elemental is lightly damaged.
The water elemental hits you!!
The water elemental engulfs you in water!
You hit the water elemental.
The water elemental is moderately damaged.
The water elemental hits you!
* * * LOW HITPOINT WARNING * * *
You hit the water elemental.
The water elemental is heavily damaged.
The water elemental hits you!
You die...

▓▓▓▓▓▓▓▓▓ ▓▓▓
#..'....♣♣♣ ♣.#
#..#......♣ ♣♣.#
####.....♣♣ ♣..#
†..#....~♣♣♣♣..###+#+###
...#...~~..♣...#........
...#..~~~~.♣.♣.'@E......
##'#.†~≈≈~~~.♣.#...#####
.†.#.~~≈~~~....#.⌠.#
...#.~≈~~~.....#...#
..)#.~~~.......#+###
####...........#
...............#
▓▓▓▓▓▓▓▓▓▓▓▓▓▓▓▓


You could see a water elemental.

Vanquished Creatures
  A scorpion (D)
  Jessica (D)
  A human (D)
  An endoplasm (D)
  2 rats (D)
6 creatures vanquished.

Notes
Turn   | Place    | Note
-------+----------+-------------------------------------------
     0 | D        | rocky1 the Merfolk Gladiator began the quest for the Orb.
     0 | D        | Reached XP level 1. HP: 16/16 MP: 1/1
     8 | D        | Reached skill level 4 in Long Blades
     9 | D        | Reached skill level 1 in Stealth
    28 | D        | Noticed Jessica
    36 | D        | Killed Jessica
    37 | D        | Reached skill level 5 in Long Blades
    37 | D        | Reached skill level 5 in Dodging
    37 | D        | Reached XP level 2. HP: 10/24 MP: 2/2
    37 | D        | Reached XP level 3. HP: 12/29 MP: 3/3
   118 | D        | Noticed a scorpion
   131 | D        | Killed a scorpion
   132 | D        | Reached skill level 7 in Long Blades
   132 | D        | Reached XP level 4. HP: 18/38 MP: 4/4
   273 | D        | Noticed a water elemental
   279 | D        | Mangled by a water elemental

Illustrated notes

Levels and vault maps discovered:
D:        dungeon_sprint_mu [sprint_mu_entry_forest, sprint_mu_temple_rooms,
          sprint_mu_d1_horrors, sprint_mu_d2_genie, sprint_mu_d3_branching,
          sprint_mu_orc_legion, sprint_mu_elf_gauntlet, sprint_mu_hive_nellie,
          sprint_mu_lair_fedhas, sprint_mu_vaults_butterflies,
          sprint_mu_slime_circle, sprint_mu_swamp_cave, sprint_mu_shoals_archi,
          sprint_mu_blade_basic, sprint_mu_crypt_fortress,
          sprint_mu_tomb_spiral, sprint_mu_vestibule_basic,
          sprint_mu_gehenna_hellfire, sprint_mu_dis_giant,
          sprint_mu_tartarus_statrot, sprint_mu_cocytus_islands, sprint_mu_zot1]

Skill      XL: |  1  2  3 |
---------------+----------+-----
Long Blades    | 5 7 |  7.8
Stealth        | 2 4 |  4.6
Fighting       | 3 4 |  4.9
Dodging        | 5 6 |  6.6
Throwing       | |  2.0

Action                   |  1- 3 |  4- 6 || total
-------------------------+-------+-------++-------
Melee: Long sword        |    16 |    22 ||    38
       Tailslap          |     1 |     1 ||     2
       Punch             |     1 |     1 ||     2
Throw: Throwing net      |     3 |     1 ||     4
 Stab: Sleeping          |     2 |       ||     2
Armor: Leather armour    |     3 |       ||     3
Dodge: Dodged            |    10 |    11 ||    21

Table legend: (Time is in decaauts)
 A = Elapsed time spent in this place.
 B = Non-inter-level travel time spent in this place.
 C = Inter-level travel time spent in this place.
 D = Time resting spent in this place.
 E = Time spent auto-exploring this place.
 F = Levels seen in this place.
 G = Mean time per level.
                   A        B        C        D        E       F      G
               +--------+--------+--------+--------+--------+-----+--------+
         Total |    276 |    276 |      0 |    141 |      0 |   1 |  276.0 |
       Dungeon |    276 |    276 |      0 |    141 |      0 |   1 |  276.0 |
               +--------+--------+--------+--------+--------+-----+--------+

Top non-repeatable levels by time:
       D: 276 daAuts
